 Dungeon Sprint DCSS version 0.30-a0-883-g5ad918d77d (webtiles) character file.

Game seed: 5592503191554042553

14558 112233 the Imperceptible (level 11, -4/58 HPs)
             Began as a Spriggan Brigand on Mar 15, 2023.
             Was an Initiate of Gozag.
             Slain by a demonic crawler (12 damage)
             ... in the Dungeon (Sprint I: "Red Sonja").
             The game lasted 00:18:00 (4082 turns).

112233 the Imperceptible (Spriggan Brigand)         Turns: 4082, Time: 00:18:00

Health: -4/58      AC:  4    Str:  5 (7)  XL:     11   Next: 90%
Magic:  30/33      EV: 33    Int: 13      God:    Gozag
Gold:   1303       SH:  7    Dex: 20 (21) Spells: 20/31 levels left

rFire   x x .      SeeInvis +    y - +9 dagger of the Flying Gods {freeze, rC+ rN+ MP+9 Dex+2}
rCold   + + .      Faith    .    q - +0 buckler
rNeg    + + .      Spirit   .    r - +2 robe {rN+}
rPois   .          Reflect  .    (helmet restricted)
rElec   .          Rampage  .    c - +0 cloak
rCorr   .          NoTele   +    (gloves unavailable)
Will    +....                    (boots unavailable)
Stlth   ++++++++                 (no amulet)
HPRegen 0.29/turn                m - ring of protection from cold
MPRegen 0.23/turn                (no ring)

@: on berserk cooldown, slowed, unable to read, unable to drink, quick
A: very small, no large weapons, unfitting armour, see invisible, speed 3,
deformed body, deterioration 2, dopey 1, frail 1, low MP 1, no potion heal 1,
heat vulnerability 2, subdued magic 2, inability to drink after injury 2,
inability to read after injury 1
a: Renounce Religion, Potion Petition, Call Merchant, Bribe Branch


You were in the Dungeon.
You worshipped Gozag.
Gozag was most pleased with you.
You visited 1 branch You collected 5750 gold pieces.
You spent 2626 gold pieces at shops.
You paid 1821 gold pieces to Gozag.

Inventory:

Hand Weapons
 a - a +2 dagger
 f - a +2 short sword of venom
 g - the +4 whip of Extinguishment {speed, Dex+6}
   (You found it in the Dungeon)

   Dex:       It affects your dexterity (+6).
 x - a +9 quarterstaff
 y - the +9 dagger of the Flying Gods (weapon) {freeze, rC+ rN+ MP+9 Dex+2}
   (You bought it in a shop in the Dungeon)

   Dex:       It affects your dexterity (+2).
   rC:        It protects you from cold.
   rN:        It protects you from negative energy.
   MP:        It affects your magic capacity (+9).
 z - a +1 heavy shortbow
Missiles
 d - 9 poisoned darts (quivered)
 e - 8 curare-tipped darts
Armour
 b - a +0 robe
 c - a +0 cloak (worn)
 q - a +0 buckler (worn)
 r - a +2 robe of positive energy (worn)
Jewellery
 m - a ring of protection from cold (left hand)
Wands
 B - a wand of paralysis (6)
Scrolls
 j - a scroll of enchant armour {unknown}
 k - 2 scrolls of blinking
 n - a scroll of magic mapping {unknown}
 p - a scroll of immolation {unknown}
 s - a scroll of silence {unknown}
 u - a scroll of fog {unknown}
 w - a scroll of identify {unknown}
 A - a scroll of torment {unknown}
 C - a scroll of brand weapon {unknown}
Potions
 h - a potion of haste
 i - 2 potions of magic
 l - 2 potions of curing
 v - 2 potions of heal wounds
Miscellaneous
 o - a condenser vane
 t - a piece from Xom's chessboard (15/15)


   Skills:
 + Level 11.4 Fighting
 - Level 10.0 Short Blades
 - Level 7.8 Throwing
 + Level 18.5 Dodging
 - Level 21.9 Stealth
 + Level 7.3 Shields
 + Level 10.8 Spellcasting
 - Level 10.2 Evocations


You had 20 spell levels left.
You knew the following spells:

 Your Spells              Type           Power      Damage    Failure   Level
a - Confusing Touch       Hex            4%         N/A       41%         3
b - Dragon Form           Tmut           2%         N/A       100%        7
c - Slow                  Hex            16%        N/A       13%         1

Your spell library contained the following spells:

 Spells                   Type           Power      Damage    Failure   Level
 Vampiric Draining        Necr           4%         2d6       41%         3
 Borgnjor's Vile Clutch   Necr/Erth      2%         N/A       99%         5


Dungeon Overview and Level Annotations

Branches:
Dungeon (1/1)

Altars:
Cheibriados
Dithmenos
Elyvilon
Fedhas
Gozag
Hepliaklqana
Kikubaaqudgha
Makhleb
Nemelex Xobeh
Okawaru
Qazlal
Ru
Sif Muna
Trog
Uskayaw
Vehumet
Wu Jian
Xom
Yredelemnul
Zin
The Shining One
Jiyva
Lugonu

Shops:
D ([=*[*(*[?(?(***[:![!


Innate Abilities, Weirdness & Mutations

You are very small and have problems with some larger weapons.
You are too small for most types of armour.
You have supernaturally acute eyesight. (SInv)
You cover ground extremely quickly. (Speed+++)
Armour fits poorly on your strangely shaped body.
Your body often deteriorates upon taking damage.
You are dopey. (Int -2)
You are frail. (-10% HP)
Your magical capacity is low. (-10% MP)
Potions are less effective at restoring your health.
You are very vulnerable to heat. (rF--)
Your spells are easier to cast, but less powerful.
You sometimes lose the ability to drink potions when taking damage.
You occasionally lose the ability to read scrolls when taking damage.


Message History

The demonic crawler appears confused.
You feel a strong urge to attack something.
Unknown command.
You puncture the demonic crawler! You freeze the demonic crawler.
The demonic crawler is moderately wounded.
The demonic crawler seems less confused.
You block the demonic crawler's attack.
The demonic crawler completely misses you.
You block the demonic crawler's attack.
Your magical contamination has completely faded away.
Unknown command.
You puncture the demonic crawler! You freeze the demonic crawler.
The demonic crawler is heavily wounded.
The demonic crawler completely misses you. x2
You block the demonic crawler's attack.
You puncture the demonic crawler! You freeze the demonic crawler.
The demonic crawler is severely wounded.
You hit the demonic crawler. You freeze the demonic crawler.
The demonic crawler is almost dead.
The demonic crawler completely misses you. x2
The demonic crawler misses you.
You hit the demonic crawler. You freeze the demonic crawler.
The demonic crawler is almost dead.
You block the demonic crawler's attack. The demonic crawler misses you.
The demonic crawler completely misses you.
You hit the demonic crawler. You freeze the demonic crawler.
The demonic crawler is almost dead.
You are no longer berserk.
You are exhausted.
You feel as though you will be slow longer.
The demonic crawler hits you!
* * * LOW HITPOINT WARNING * * *
You block the demonic crawler's attack.
The demonic crawler completely misses you.
You hit the demonic crawler. You freeze the demonic crawler.
The demonic crawler is almost dead.
The demonic crawler completely misses you. x2
The demonic crawler hits you!
You die...
Your body crumbles into a pile of gold.

$$#_____###'#.#)..
############.####'#
#∩........'...+)s..
###''''####...#####
#.......####.###...
#........#.#'#.#...
#..#.....#.....#'''
#s.......#...[.#...
#.@...#..#######...
#........##........
#..#.....##........
#........###.......
###''''### ###..~~~
#∩......∩####'#####
#........##∩∩######
#∩......∩###∩∩∩∩∩∩∩
########## ########


You could see a demonic crawler.

Vanquished Creatures
  A lorocyproca (D)
  A hydra (D)
  2 centaur warriors (D)
  Sonja (D)
  A deep troll (D)
  A lindwurm (D)
  An oklob plant (D)
  8 shining eyes (D)
  2 merfolk sirens (D)
  2 gargoyles (D)
  A demonic crawler (D)
  2 unseen horrors (D)
  2 kobold demonologists (D)
  A hellwing (D)
  2 hornets (D)
  A slime creature (D)
  Sigmund (D)
  A yak (D)
  13 hogs (D)
  2 redbacks (D)
  7 floating eyes (D)
  An ogre (D)
  7 necrophages (D)
  8 jellies (D)
  Ijyb (D)
  A ballistomycete spore (D)
71 creatures vanquished.

Vanquished Creatures (others)
  3 hornets (D)
  A ballistomycete spore (D)
4 creatures vanquished.

Grand Total: 75 creatures vanquished

Notes
Turn   | Place    | Note
-------+----------+-------------------------------------------
     0 | D        | 112233 the Spriggan Brigand began the quest for the Orb.
     0 | D        | Reached XP level 1. HP: 10/10 MP: 2/2
     1 | D        | Noticed Ijyb
     4 | D        | Killed Ijyb
     5 | D        | Reached skill level 10 in Stealth
     5 | D        | Reached XP level 2. HP: 14/14 MP: 3/3
     8 | D        | Noticed an ogre
    11 | D        | Killed an ogre
    12 | D        | Reached skill level 15 in Stealth
    12 | D        | Reached XP level 3. HP: 18/18 MP: 4/4
    12 | D        | Reached XP level 4. HP: 22/22 MP: 5/5
    23 | D        | Noticed Sigmund
    32 | D        | Killed Sigmund
    33 | D        | Reached skill level 19 in Stealth
    33 | D        | Reached XP level 5. HP: 25/25 MP: 6/6
    33 | D        | Reached XP level 6. HP: 30/30 MP: 7/7
    83 | D        | Found an ornate altar of the Wu Jian Council.
    83 | D        | Found a shimmering blue altar of Sif Muna.
    85 | D        | Found a radiant altar of Vehumet.
   116 | D        | Found a burning altar of Makhleb.
   116 | D        | Found a viscous altar of Jiyva.
   116 | D        | Found a shimmering altar of Xom.
   116 | D        | Found a corrupted altar of Lugonu.
   116 | D        | Noticed a slime creature
   126 | D        | Found Uficorgh's Assorted Antiques.
   126 | D        | Found an ancient bone altar of Kikubaaqudgha.
   126 | D        | Found a hazy altar of Hepliaklqana.
   126 | D        | Found a stormy altar of Qazlal.
   126 | D        | Found a hide-covered altar of Uskayaw.
   126 | D        | Found a blossoming altar of Fedhas.
   126 | D        | Found a bloodstained altar of Trog.
   126 | D        | Found an iron altar of Okawaru.
   126 | D        | Found a basalt altar of Yredelemnul.
   126 | D        | Found a glowing golden altar of the Shining One.
   126 | D        | Found a snail-covered altar of Cheibriados.
   126 | D        | Found a sacrificial altar of Ru.
   126 | D        | Found a glowing silver altar of Zin.
   126 | D        | Found a shadowy altar of Dithmenos.
   126 | D        | Found a white marble altar of Elyvilon.
   126 | D        | Noticed a yak
   127 | D        | Found an opulent altar of Gozag.
   128 | D        | Killed a yak
   129 | D        | Reached skill level 21 in Stealth
   129 | D        | Found a sparkling altar of Nemelex Xobeh.
   133 | D        | Bought a scroll labelled CUMUGY USURUI for 29 gold pieces
   140 | D        | Noticed Sonja
   146 | D        | Killed Sonja
   147 | D        | Reached skill level 5 in Short Blades
   147 | D        | Reached XP level 7. HP: 22/36 MP: 8/8
   147 | D        | Reached XP level 8. HP: 25/41 MP: 9/9
   311 | D        | Noticed a deep troll
   315 | D        | Killed a deep troll
   373 | D        | Found Sydummum's Weapon Boutique.
   421 | D        | Killed a slime creature
   422 | D        | Reached skill level 5 in Fighting
   640 | D        | Noticed a kobold demonologist
   641 | D        | Noticed a kobold demonologist
   644 | D        | Reached skill level 5 in Throwing
   645 | D        | Killed a kobold demonologist
   646 | D        | Reached XP level 9. HP: 48/48 MP: 10/10
   647 | D        | Noticed a rust devil
   655 | D        | Killed a kobold demonologist
   814 | D        | Noticed a demonic crawler
   814 | D        | Noticed a demonic crawler
   814 | D        | Noticed a demonic crawler
   814 | D        | Noticed a demonic crawler
  1005 | D        | Became a worshipper of Gozag Ym Sagoz the Greedy
  1019 | D        | Found Plog's Armour Emporium.
  1027 | D        | Bought a +0 buckler for 45 gold pieces
  1027 | D        | Bought a +2 robe of positive energy for 147 gold pieces
  1048 | D        | Noticed a centaur warrior
  1049 | D        | Noticed a centaur warrior
  1081 | D        | Killed a centaur warrior
  1088 | D        | Killed a centaur warrior
  1308 | D        | Noticed a shining eye
  1308 | D        | Noticed a shining eye
  1308 | D        | Noticed a shining eye
  1308 | D        | Noticed a shining eye
  1308 | D        | Noticed a shining eye
  1308 | D        | Noticed a shining eye
  1365 | D        | Noticed an oklob plant
  1367 | D        | Killed an oklob plant
  1368 | D        | Reached skill level 10 in Short Blades
  1368 | D        | Reached XP level 10. HP: 55/55 MP: 11/11
  1421 | D        | Reached skill level 5 in Shields
  1421 | D        | Reached skill level 1 in Evocations
  1617 | D        | Reached skill level 5 in Evocations
  1835 | D        | Identified the +4 whip of Extinguishment {speed, Dex+6}
  1858 | D        | Found Axyluob's General Store.
  1858 | D        | Found Weclamuq's Weapon Shop.
  1858 | D        | Found Dacwegh's Antique Armour Boutique.
  1860 | D        | Found Tatayr's Magic Scroll Emporium.
  1860 | D        | Found Kas Poral's Weapon Shop.
  1860 | D        | Found Ogguliw's Magic Scroll Shoppe.
  1860 | D        | Found Zenitur's Antique Weapon Boutique.
  1860 | D        | Found Vidghestro's General Store.
  1860 | D        | Found Teff's General Store.
  1860 | D        | Found Motef's General Store.
  1864 | D        | Found Uheclik's Armour Boutique.
  1865 | D        | Found Diqorit's Distillery.
  1865 | D        | Found Iffyesse's Book Boutique.
  1866 | D        | Found Ononeewn's Distillery.
  1875 | D        | Bought a potion of heal wounds for 70 gold pieces
  1886 | D        | Bought the +9 dagger of the Flying Gods {freeze, rC+ rN+
                  | MP+9 Dex+2} for 1078 gold pieces
  1892 | D        | Bought a scroll of blinking for 105 gold pieces
  1899 | D        | Bought a book of Debilitation for 240 gold pieces
  1903 | D        | Learned a level 3 spell: Confusing Touch
  2000 | D        | Reached skill level 15 in Dodging
  2000 | D        | Noticed a shining eye
  2000 | D        | Noticed a shining eye
  2002 | D        | Killed a shining eye
  2004 | D        | Killed a shining eye
  2009 | D        | Gained mutation: You are vulnerable to heat. (rF-) [a
                  | shining eye]
  2011 | D        | Killed a shining eye
  2013 | D        | Gained mutation: You are dopey. (Int -2) [a shining eye]
  2017 | D        | Killed a shining eye
  2018 | D        | Reached skill level 5 in Spellcasting
  2022 | D        | Killed a shining eye
  2023 | D        | Gained mutation: Your spells are a little easier to cast,
                  | but a little less powerful. [a shining eye]
  2025 | D        | Paralysed by a floating eye for 4 turns
  2030 | D        | Gained mutation: Your magical capacity is low. (-10% MP) [a
                  | shining eye]
  2032 | D        | Gained mutation: Your body sometimes deteriorates upon
                  | taking damage. [a shining eye]
  2033 | D        | Gained mutation: You are frail. (-10% HP) [a shining eye]
  2034 | D        | Gained mutation: You occasionally lose the ability to read
                  | scrolls when taking damage. [a shining eye]
  2035 | D        | Paralysed by a floating eye for 2 turns
  2037 | D        | Gained mutation: Potions are less effective at restoring
                  | your health. [a shining eye]
  2037 | D        | Gained mutation: Your spells are easier to cast, but less
                  | powerful. [a shining eye]
  2038 | D        | Gained mutation: Your body often deteriorates upon taking
                  | damage. [a shining eye]
  2039 | D        | Killed a shining eye
  2040 | D        | Reached XP level 11. HP: 55/55 MP: 19/19
  2041 | D        | Paralysed by a floating eye for 2 turns
  2044 | D        | Gained mutation: You are very vulnerable to heat. (rF--) [a
                  | shining eye]
  2046 | D        | Gained mutation: You occasionally lose the ability to drink
                  | potions when taking damage. [a shining eye]
  2047 | D        | Killed a shining eye
  2048 | D        | Paralysed by a floating eye for 4 turns
  2050 | D        | Gained mutation: Armour fits poorly on your strangely
                  | shaped body. [a shining eye]
  2053 | D        | Gained mutation: You sometimes lose the ability to drink
                  | potions when taking damage. [a shining eye]
  2058 | D        | Killed a shining eye
  2059 | D        | Reached skill level 10 in Evocations
  2060 | D        | Paralysed by a floating eye for 2 turns
  2110 | D        | Found Deixen's Antique Armour Shop.
  2110 | D        | Found Ewneafom's Jewellery Emporium.
  2110 | D        | Found Purimeck's Assorted Antiques.
  2111 | D        | Found Leytt's Armour Shoppe.
  2176 | D        | Bought Ratuw's Elucidation of the Doomed Switch for 432
                  | gold pieces
  2180 | D        | Bought a condenser vane for 480 gold pieces
  2419 | D        | Reached skill level 10 in Fighting
  2674 | D        | Noticed a lindwurm
  2676 | D        | Killed a lindwurm
  2911 | D        | Learned a level 7 spell: Dragon Form
  2913 | D        | Learned a level 1 spell: Slow
  2923 | D        | Noticed a 12-headed hydra
  2925 | D        | Killed a 12-headed hydra
  2962 | D        | Noticed a deep elf annihilator
  2973 | D        | Reached skill level 10 in Spellcasting
  3108 | D        | Noticed a mummy priest
  3132 | D        | Noticed a daeva
  3629 | D        | Noticed a lorocyproca
  3634 | D        | Killed a lorocyproca
  4082 | D        | Slain by a demonic crawler

Illustrated notes

Levels and vault maps discovered:
D:        dungeon_sprint_1 [red_sonja_temple_1, red_sonja_temple_small_1]

Skill      XL: |  1  2  3  4  5  6  7  8  9 10 11 |
---------------+----------------------------------+-----
Stealth        | 10 15 19 21 | 21.9
Fighting       | 3 5 7 9 11 | 11.4
Short Blades   | 5 8 10 | 10.0
Dodging        | 9 11 13 16 18 | 18.5
Throwing       | 5 7 |  7.8
Shields        | 4 5 7 |  7.3
Evocations     | 9 10 | 10.2
Spellcasting   | 6 10 | 10.8

Action                     |  1- 3 |  4- 6 |  7- 9 | 10-12 || total
---------------------------+-------+-------+-------+-------++-------
  Melee: Dagger            |     2 |    10 |       |   101 ||   113
         Short sword       |       |       |    42 |   101 ||   143
   Fire: Shortbow          |       |       |       |     2 ||     2
   Cast: Confusing Touch   |       |       |       |     1 ||     1
 Invoke: Potion Petition   |       |       |       |     4 ||     4
  Evoke: Wand              |       |     1 |       |     3 ||     4
         Piece from Xom's  |       |       |       |     1 ||     1
         Condenser vane    |       |       |       |     4 ||     4
    Use: Potion            |       |     2 |     3 |     2 ||     7
         Scroll            |       |       |       |     1 ||     1
   Stab: Sleeping          |     2 |     2 |     5 |    14 ||    23
         Paralysed         |       |     1 |       |     2 ||     3
         Distracted        |       |       |     1 |     1 ||     2
         Invisible         |       |       |       |     1 ||     1
 Armour: Robe              |       |     1 |     3 |    14 ||    18
         Skin              |       |       |       |     8 ||     8
  Dodge: Dodged            |       |     8 |    40 |   212 ||   260
  Block: Buckler           |       |       |     5 |    53 ||    58

Table legend: (Time is in decaauts)
 A = Elapsed time spent in this place.
 B = Non-inter-level travel time spent in this place.
 C = Inter-level travel time spent in this place.
 D = Time resting spent in this place.
 E = Time spent auto-exploring this place.
 F = Levels seen in this place.
 G = Mean time per level.
                   A        B        C        D        E       F      G
               +--------+--------+--------+--------+--------+-----+--------+
         Total |   3569 |   3311 |    258 |   2311 |      0 |   1 | 3569.0 |
       Dungeon |   3569 |   3311 |    258 |   2311 |      0 |   1 | 3569.0 |
               +--------+--------+--------+--------+--------+-----+--------+

Top non-repeatable levels by time:
       D: 3569 daAuts
